 Dungeon Crawl Stone Soup version 0.30.1-11-g7821555f0a (webtiles) character file.

Game seed: 16865960248311422500

456 Kallu the Magician (level 7, -3/51 HPs)
             Began as a Djinni Fire Elementalist on Jan 1, 2024.
             Was an Initiate of Qazlal.
             Shot with an arrow by a centaur (13 damage)
             ... on level 5 of the Dungeon.
             The game lasted 00:09:55 (3916 turns).

Kallu the Magician (Djinni Fire Elementalist)       Turns: 3916, Time: 00:09:56

Health: -3/51      AC: 10    Str:  7    XL:     7   Next: 27%
Gold:   264        EV: 11    Int: 19    God:    Qazlal [......] SH:  0 Dex: 13

rFire   + + .        g - +1 short sword (protect)
rCold   x . .        (no shield)
rNeg    . . .        e - +3 leather armour
rPois   ∞            (no helmet)
rElec   .            (no cloak)
rCorr   +            (no gloves)
SInv    .            (boots unavailable)
Will    .....        (no amulet)
Stlth   ++           h - ring of resist corrosion
HPRegen 0.28/turn    l - +4 ring of protection
MPRegen 0.00/turn

%: infuse magic (-4 HP)
@: flying
A: sickness immunity, fire resistance 2, cold vulnerability 1, float, innate
caster, HP casting, extra vitality 1
a: Renounce Religion


You were on level 5 of the Dungeon.
You worshipped Qazlal.
Qazlal was noncommittal.
You visited 2 branches of the dungeon, and saw 6 of its levels.

You collected 264 gold pieces.

Inventory:

Hand Weapons
 g - a +1 short sword of protection (weapon)
Armour
 a - a +0 robe
 e - a +3 leather armour (worn)
Jewellery
 h - a ring of resist corrosion (left hand)
 l - a +4 ring of protection (right hand)
 r - a ring of positive energy
Wands
 m - a wand of iceblast (14)
Scrolls
 b - 4 scrolls of teleportation {unknown}
 d - 3 scrolls of vulnerability {unknown}
 f - 2 scrolls of noise {unknown}
 j - 3 scrolls of fear {unknown}
 k - a scroll of fog {unknown}
 n - a scroll of silence {unknown}
 p - a scroll of acquirement {unknown}
 q - a scroll of identify {unknown}
 s - a scroll of enchant weapon {unknown}
Potions
 c - 2 potions of curing {unknown}
 i - 3 potions of heal wounds {unknown}
 o - a potion of attraction {unknown}


   Skills:
 + Level 3.7 Fighting
 - Level 2.1 Dodging
 - Level 1.5 Stealth
 * Level 5.1 Spellcasting


You knew the following spells:

 Your Spells              Type           Power      Damage    Failure   Level
a - Foxfire               Conj/Fire      96%        2x1d8     2%          1
b - Scorch                Fire           48%        2d7       3%          2
c - Volatile Blastmotes   Fire/Tloc      48%        2d14      7%          3
d - Inner Flame           Hex/Fire       24%        N/A       7%          3
e - Flame Wave            Conj/Fire      24%        2d8       22%         4
f - Magic Dart            Conj           96%        1d7       2%          1
g - Lesser Beckoning      Tloc           48%        N/A       3%          2
h - Portal Projectile     Hex/Tloc       48%        N/A       7%          3
Your spell library was empty.

Dungeon Overview and Level Annotations

Branches:
Dungeon (5/15)             Temple (1/1) D:5

Altars:
Cheibriados
Dithmenos
Elyvilon
Fedhas
Gozag
Hepliaklqana
Nemelex Xobeh
Okawaru
Qazlal
Ru
Trog
Uskayaw
Wu Jian
Xom
Yredelemnul
Zin
The Shining One

Shops:
D:3 [   D:4 *


Innate Abilities, Weirdness & Mutations

You are immune to sickness and miasma.
You are immune to poison.
Your flesh is very heat resistant. (rF++)
You are vulnerable to cold. (rC-)
You float through the air rather than walking.
You learn spells naturally, not from books.
Your magical power is your life essence.
You have superior vitality. (+4 MHP)


Message History

The arrow hits you but does no damage. The hound closely misses you.
The centaur shoots an arrow.
The arrow hits you but does no damage.
There is a staircase to the Ecumenical Temple here.
Unknown command.
Casting: Foxfire (safe; 2% risk of failure)
Confirm with . or Enter, or press ? or * to list all spells.
The spell is quite dangerous to miscast (24% risk of failure)!
Continue anyway?
Okay, then.
Unknown command.
Casting: Flame Wave (quite dangerous; 24% risk of failure)
Confirm with . or Enter, or press ? or * to list all spells.
A cloud of volatile blastmotes flares up around you!
The hound bites you but does no damage.
The centaur shoots an arrow.
The arrow hits you.
Unknown command.
The cloud of blastmotes explodes!
The concussive blast engulfs the hound!!
You kill the hound!
Qazlal accepts your kill. The concussive blast engulfs you. You resist.
You are knocked back by the blast.
The centaur shoots an arrow.
The arrow hits you.
The centaur shoots an arrow.
The arrow hits you.
The centaur shoots an arrow.
The arrow hits you.
You are too injured to fight recklessly!
The centaur shoots an arrow.
The arrow hits you!
* * * LOW HITPOINT WARNING * * *
The centaur shoots an arrow.
The arrow barely misses you.
Okay, then.
Unknown command.
The centaur shoots an arrow.
The arrow hits you.
* * * LOW HITPOINT WARNING * * *
You are too injured to fight recklessly!
Unknown command.
Casting: Foxfire (safe; 2% risk of failure)
Press: ? - help, Q - select action, (/) - cycle Dir - look around, f - activate You conjure some foxfire!
* * * LOW HITPOINT WARNING * * *
The centaur shoots an arrow.
The arrow misses you.
The centaur shoots an arrow.
The arrow hits you!
You die...

#.#.# #######.#.#
#.........######. #
##.##...##.......#
###.#..##...##........
#..............# #.#
#....>c...#
#######.####v...cJ...#
#...........@##...##.#
#.#####.###v.##...##!..
#.# #..............
##.########.##.......
#.####...###
#..........
#........#...#
##.#......#
#.#.####...#.# .# ..
#.# ##.##.# #.# #.##.#


You could see 2 centaurs and a jelly.

Vanquished Creatures
  Edmund (D:4)
  A scorpion (Temple)
  A hound (D:5)
  2 orc priests
  2 orc wizards
  3 adders
  2 ufetubi
  2 dart slugs (D:1)
  A worm (D:2)
  12 orcs
  6 bats
  5 endoplasms
  5 giant cockroaches
  9 goblins
  8 hobgoblins
  5 quokkas
  9 ball pythons
  A frilled lizard (D:1)
  6 kobolds
  9 rats
90 creatures vanquished.

Vanquished Creatures (collateral kills)
  3 foxfires (D:2)
3 creatures vanquished.

Vanquished Creatures (others)
  259 foxfires
259 creatures vanquished.

Grand Total: 352 creatures vanquished

Notes
Turn   | Place    | Note
-------+----------+-------------------------------------------
     0 | D:1      | Kallu the Djinni Fire Elementalist began the quest for the
                  | Orb.
     0 | D:1      | Kallu set off with the following spells memorised: Foxfire,
                  | Scorch, Volatile Blastmotes, Inner Flame, Flame Wave.
     0 | D:1      | Reached XP level 1. HP: 15/15 MP: 0/0
   237 | D:1      | Reached XP level 2. HP: 19/22 MP: 0/0
   296 | D:1      | Reached skill level 1 in Fighting
   393 | D:1      | Reached XP level 3. HP: 24/27 MP: 0/0
   393 | D:1      | Learned a level 1 spell: Magic Dart
   471 | D:1      | Reached skill level 3 in Spellcasting
   979 | D:2      | Found an ornate altar of the Wu Jian Council.
  1296 | D:2      | Reached XP level 4. HP: 26/32 MP: 0/0
  1888 | D:3      | Reached XP level 5. HP: 34/38 MP: 0/0
  1888 | D:3      | Learned a level 2 spell: Lesser Beckoning
  2029 | D:3      | Found Pysogrioh's Armour Boutique.
  2166 | D:3      | Found a hazy altar of Hepliaklqana.
  2451 | D:4      | Found a bloodstained altar of Trog.
  2457 | D:4      | Noticed Edmund
  2721 | D:4      | Reached skill level 4 in Spellcasting
  2790 | D:4      | Found Kekotaec's Neck Hole.
  2889 | D:4      | Killed Edmund
  2890 | D:4      | Reached XP level 6. HP: 31/46 MP: 0/0
  3619 | D:5      | Entered Level 5 of the Dungeon
  3704 | D:5      | Found a staircase to the Ecumenical Temple.
  3717 | D:5      | Reached XP level 7. HP: 46/50 MP: 0/0
  3717 | D:5      | Learned a level 3 spell: Portal Projectile
  3730 | Temple   | Entered the Ecumenical Temple
  3730 | Temple   | Found a transporter.
  3730 | Temple   | Found a transporter.
  3732 | Temple   | Found a transporter.
  3732 | Temple   | Found a transporter.
  3749 | Temple   | Reached skill level 5 in Spellcasting
  3892 | Temple   | Became a worshipper of Qazlal Stormbringer
  3916 | D:5      | Shot with an arrow by a centaur

Illustrated notes

Levels and vault maps discovered:
D:1:      scummos_arrival_simple_fountains, layout_basic, nrook_loot_triangle,
          amcnicky_mini_pool_small
D:2:      layout_loops_ring, basic_altar, minmay_gold_behind_fungi
D:3:      layout_rooms, mainiacjoe_overflow_catwalk, serial_shops, shop
D:4:      layout_loops_ring, trog_butcher_becter,
          nicolae_shop_sticking_my_neck_out, uniq_edmund
D:5:      layout_loops_ring, minmay_temple_entry_stoned_glass, minivault_19
Temple:   hellmonk_temple_divided_pantheon

Skill      XL: |  1  2  3  4  5  6  7 |
---------------+----------------------+-----
Fighting       | 1 2 3 |  3.7
Spellcasting   | 3 4 5 |  5.1
Dodging        | |  2.1
Stealth        | |  1.5

Action                     |  1- 3 |  4- 6 |  7- 9 || total
---------------------------+-------+-------+-------++-------
  Melee: Unarmed           |     7 |       |       ||     7
         Short sword       |    32 |    59 |       ||    91
   Cast: Foxfire           |    68 |   101 |     5 ||   174
         Scorch            |     1 |     3 |     1 ||     5
         Volatile Blastmot |       |     6 |     1 ||     7
         Lesser Beckoning  |       |     1 |       ||     1
   Stab: Sleeping          |     2 |     2 |       ||     4
 Armour: Leather armour    |    25 |    30 |     4 ||    59
  Dodge: Dodged            |    21 |    33 |    18 ||    72
